 Dungeon Crawl Stone Soup version 0.31-a0-1439-g542172135e (webtiles) character file.

Game seed: 14303805043218364221

1658541 Ge0ff the Vampiric Child (level 25, 180/180 HPs)
             Began as a Vampire Earth Elementalist on Dec 26, 2023.
             Was a Follower of Hepliaklqana.
             Escaped with the Orb
             ... and 3 runes on Dec 27, 2023!
             The game lasted 03:06:19 (67143 turns).

Ge0ff the Vampiric Child (VpEE)                    Turns: 67143, Time: 03:06:20

Health: 180/180    AC: 30    Str: 12 (13) XL:     25   Next: 34%
Magic:  40/48      EV: 22    Int: 31      God:    Hepliaklqana [*.....]
Gold:   3170       SH: 20    Dex: 25      Spells: 12/48 levels left

rFire   + . .        b - +5 quick blade (vamp)
rCold   + . .        f - +5 kite shield {reflect}
rNeg    . . .        Y - +3 scale mail of Cloud Cover {Rampage Will+ Regen+ MP+9}
rPois   +            p - +2 helmet {Int+3}
rElec   +            Z - +2 cloak {rPois}
rCorr   .            Q - +2 pair of gloves of Peg Mida {rElec Regen+ Int+5}
SInv    +            k - +2 pair of boots of a bailey {*Slow rF+ rC+ Dex+3}
Will    ++++.        h - amulet "Vaunemuigra" {rElec Regen+ Dex+3}
Stlth   ++           D - ring "Bysiseuj" {Will+ AC+4 Str+2 Dex+2 SInv}
HPRegen 3.10/turn    L - ring of the Castellan {EV+5 Slay+2 Stlth+, =R}
MPRegen 0.31/turn

%: slow self (1%), reflection, rampage
@: healing quickly
A: reduced essence, alive, fangs 3, see invisible, vampiric 2, deterioration 1
0: Orb of Zot
}: 3/15 runes: serpentine, barnacled, silver
a: Exsanguinate, Renounce Religion, Recall Ancestor, Ancestor Identity


You escaped.
You worshipped Hepliaklqana.
Hepliaklqana was aware of your devotion.
You visited 10 branches of the dungeon, and saw 48 of its levels.
You visited 2 bazaars.
You also visited: Bailey, Gauntlet, Ice Cave and Volcano.

You collected 9524 gold pieces.
You spent 6354 gold pieces at shops.

Inventory:

Hand Weapons
 a - a +9 heavy quick blade
 b - a +5 vampiric quick blade (weapon)
Missiles
 g - 8 throwing nets {=F}
 i - 17 javelins
 t - 9 silver javelins
 v - 6 curare-tipped darts {=F}
 x - 29 boomerangs (quivered)
Armour
 f - a +5 kite shield of reflection (worn)
 k - the +2 pair of boots of a bailey (worn) {*Slow rF+ rC+ Dex+3}
   (You found it in a Gauntlet)

   Dex+3:     It affects your dexterity (+3).
   rF+:       It protects you from fire.
   rC+:       It protects you from cold.
   *Slow:     It may slow you when you take damage.
 p - a +2 helmet of intelligence (worn)
 w - the +3 hat of the Saviour {rElec}
   (You found it on level 5 of the Vaults)

   rElec:     It insulates you from electricity.
 Q - the +2 pair of gloves of Peg Mida (worn) {rElec Regen+ Int+5}
   (You found it in a Gauntlet)

   Int+5:     It affects your intelligence (+5).
   rElec:     It insulates you from electricity.
   Regen+:    It increases your rate of health regeneration.
 Y - the +3 scale mail of Cloud Cover (worn) {Rampage Will+ Regen+ MP+9}
   (You bought it in a shop on level 1 of the Orcish Mines)

   Will+:     It increases your willpower.
   MP+9:      It affects your magic capacity (+9).
   Regen+:    It increases your rate of health regeneration.
   Rampage:   It bestows one free step when moving towards enemies.
 Z - a +2 cloak of poison resistance (worn)
Jewellery
 h - the amulet "Vaunemuigra" (around neck) {rElec Regen+ Dex+3}
   (You took it off a merfolk on level 4 of the Shoals)

   [amulet of regeneration]

   Dex+3:     It affects your dexterity (+3).
   rElec:     It insulates you from electricity.
   Regen+:    It increases your rate of health regeneration.
 D - the ring "Bysiseuj" (left hand) {Will+ AC+4 Str+2 Dex+2 SInv}
   (You found it on level 1 of the Vaults)

   [ring of protection]

   AC+4:      It affects your AC (+4).
   Str+2:     It affects your strength (+2).
   Dex+2:     It affects your dexterity (+2).
   Will+:     It increases your willpower.
   SInv:      It lets you see invisible.
 G - a ring of flight
 L - the ring of the Castellan (right hand) {EV+5 Slay+2 Stlth+, =R}
   (You bought it in a shop on level 2 of the Snake Pit)

   [ring of evasion]

   EV+5:      It affects your evasion (+5).
   Slay+2:    It affects your accuracy & damage with ranged weapons and melee
   (+2).
   Stlth+:    It makes you more stealthy.
 P - an amulet of faith
Wands
 d - a wand of digging (19)
 e - a wand of charming (79)
 j - a wand of acid (8)
 r - a wand of roots (62)
 s - a wand of mindburst (34)
Scrolls
 y - 3 scrolls of immolation
 C - 6 scrolls of poison
 E - 7 scrolls of fear
 F - 3 scrolls of fog
 J - 2 scrolls of silence {!r}
 S - 9 scrolls of butterflies
 T - 16 scrolls of teleportation
 V - 11 scrolls of vulnerability
Potions
 o - 2 potions of ambrosia
 q - 11 potions of curing
 u - 9 potions of mutation {!q}
 z - 7 potions of brilliance
 A - 4 potions of attraction
 H - 4 potions of haste {!q}
 K - 7 potions of magic {!q}
 M - 6 potions of might
 N - 2 potions of cancellation {!q}
 R - 5 potions of resistance
 W - 2 potions of heal wounds {!q}
 X - 10 potions of enlightenment
Miscellaneous
 c - a condenser vane
 l - a lightning rod (4/4)
 n - a phial of floods
 O - a sack of spiders (inert)
 U - a phantom mirror


   Skills:
 - Level 17.0 Fighting
 - Level 14.0 Short Blades
 - Level 6.0 Throwing
 + Level 11.4 Armour
 + Level 12.7 Dodging
 + Level 13.4 Stealth
 + Level 14.4 Shields
 - Level 12.0 Spellcasting
 + Level 8.9 Conjurations
 - Level 5.0 Summonings
 - Level 12.0 Necromancy
 - Level 7.0 Translocations
 - Level 12.0 Earth Magic
 - Level 12.0 Alchemy
 - Level 17.1 Invocations
 + Level 11.7 Evocations


You had 12 spell levels left.
You knew the following spells:

 Your Spells              Type           Power      Damage    Failure   Level
a - Sublimation of Blood  Necr           75%        N/A       1%          2
g - Apportation           Tloc           100%       N/A       1%          1
k - Borgnjor's Vile Clut  Necr/Erth      37%        N/A       3%          5
m - Stone Arrow           Conj/Erth      100%       3d13      1%          3
n - Dispel Undead         Necr           75%        3d25      1%          4
s - Martyr's Knell        Necr/Summ      63%        N/A       6%          4
w - Passwall              Erth           75%        N/A       1%          3
B - Blink                 Tloc           100%       N/A       1%          2
C - Manifold Assault      Tloc           58%        N/A       11%         4
E - Irradiate             Conj/Alch      35%        3d23      8%          5
S - Fugue of the Fallen   Necr           75%        N/A       1%          3

Your spell library contained the following spells:

 Spells                   Type           Power      Damage    Failure   Level
 Kiss of Death            Conj/Necr      100%       2d13      1%          1
 Sandblast                Erth           100%       2d20      1%          1
 Sting                    Conj/Alch      100%       1d9       1%          1
 Cigotuvi's Dreadful Rot  Necr/Alch/Air  100%       N/A       1%          2
 Lesser Beckoning         Tloc           100%       N/A       1%          2
 Momentum Strike          Conj/Tloc      100%       3d10      1%          2
 Vampiric Draining        Necr           75%        2d11      1%          3
 Leda's Liquefaction      Alch/Erth      37%        N/A       1%          4
 Olgreb's Toxic Radiance  Alch           75%        N/A       1%          4
 Petrify                  Alch/Erth      75%        N/A       1%          4
 Mercury Vapours          Alch/Air       100%       N/A       2%          2
 Brom's Barrelling Bould  Conj/Erth      70%        2d8       2%          4
 Foxfire                  Conj/Fire      100%       2x1d9     3%          1
 Shock                    Conj/Air       100%       1d9       3%          1
 Call Imp                 Summ           98%        N/A       3%          2
 Mephitic Cloud           Conj/Alch/Air  58%        N/A       3%          3
 Alistair's Intoxication  Alch           50%        N/A       3%          5
 Static Discharge         Conj/Air       92%        3-7/arc   4%          2
 Animate Armour           Summ/Erth      100%       N/A       6%          4
 Call Canine Familiar     Summ           49%        N/A       8%          3
 Iskenderun's Mystic Bla  Conj/Tloc      61%        2d13      8%          4
 Dazzling Flash           Conj/Hex       92%        N/A       10%         3
 Hailstorm                Conj/Ice       46%        3d10      10%         3
 Volatile Blastmotes      Fire/Tloc      80%        2d16      14%         3
 Anguish                  Hex/Necr       27%        N/A       16%         4
 Ignite Poison            Fire/Alch      54%        N/A       16%         4
 Sticky Flame             Fire/Alch      54%        2d10      16%         4
 Freeze                   Ice            72%        1d8       19%         1
 Slow                     Hex            72%        N/A       19%         1
 Death Channel            Necr           37%        N/A       22%         6
 Eringya's Noxious Bog    Alch           37%        4d6       22%         6
 Ensorcelled Hibernation  Hex/Ice        36%        N/A       28%         2
 Jinxbite                 Hex            36%        N/A       28%         2
 Flame Wave               Conj/Fire      46%        2d12      30%         4
 Bombard                  Conj/Erth      35%        9d6       38%         6
 Dimensional Bullseye     Hex/Tloc       20%        N/A       41%         4
 Vhi's Electric Charge    Tloc/Air       80%        N/A       41%         4
 Summon Forest            Summ/Tloc      27%        N/A       41%         5
 Confusing Touch          Hex            18%        N/A       50%         3
 Frozen Ramparts          Ice            36%        1d6       50%         3
 Inner Flame              Hex/Fire       18%        N/A       50%         3
 Ozocubu's Armour         Ice            18%        N/A       50%         3
 Sigil of Binding         Hex            18%        N/A       50%         3
 Swiftness                Air            18%        N/A       50%         3
 Tukima's Dance           Hex            18%        N/A       50%         3
 Summon Blazeheart Golem  Fire/Summ      34%        N/A       56%         4
 Arcjolt                  Conj/Air       23%        1d33      65%         5
 Freezing Cloud           Conj/Ice/Air   18%        6-21      85%         5
 Dispersal                Tloc           29%        N/A       86%         6
 Airstrike                Air            9%         2d(2-18)  88%         4
 Cause Fear               Hex            9%         N/A       88%         4
 Sculpt Simulacrum        Ice/Alch       27%        N/A       94%         6
 Metabolic Englaciation   Hex/Ice        9%         N/A       99%         5
 Silence                  Hex/Air        9%         N/A       99%         5
 Conjure Ball Lightning   Conj/Air       23%        3x3d6     99%         6
 Starburst                Conj/Fire      23%        6d8       99%         6
 Orb of Destruction       Conj           32%        9d10      99%         7
 Plasma Beam              Fire/Air       9%         2x1d19    100%        6
 Enfeeble                 Hex            9%         N/A       100%        7
 Ozocubu's Refrigeration  Ice            9%         4d9       100%        7
 Spellforged Servitor     Conj/Summ      29%        N/A       100%        7
 Summon Hydra             Summ           24%        N/A       100%        7
 Discord                  Hex            9%         N/A       100%        8
 Disjunction              Tloc           29%        N/A       100%        8
 Ignition                 Fire           9%         3d5       100%        8
 Lehudib's Crystal Spear  Conj/Erth      35%        10d9      100%        8
 Maxwell's Capacitive Co  Air            9%         ∞         100%        8
 Dragon's Call            Summ           24%        N/A       100%        9


Dungeon Overview and Level Annotations

Branches:
Dungeon (15/15)            Temple (1/1) D:4            Lair (5/5) D:11
 Shoals (4/4) Lair:2        Snake (4/4) Lair:2        Slime (0/5) Lair:4
    Orc (2/2) D:10            Elf (3/3) Orc:2        Vaults (5/5) D:13
  Crypt (0/3) Vaults:2     Depths (4/4) D:15            Zot (5/5) Depths:4
 Bailey (visited)           IceCv (visited)         Volcano (visited)
Gauntlet (visited)

Altars:
Ashenzari
Cheibriados
Dithmenos
Fedhas
Gozag
Hepliaklqana
Kikubaaqudgha
Makhleb
Nemelex Xobeh
Okawaru
Qazlal
Ru
Sif Muna
Trog
Uskayaw
Vehumet
Wu Jian
Xom
Yredelemnul
Jiyva
Lugonu

Shops:
D:5 [   D:12 *   Orc:1 [   Orc:2 (:****[   Elf:2 [   Elf:3 [*   Shoals:1 [
Snake:2 =:=   Vaults:4 *   Vaults:5 ??!

Portals:
Hell: Depths:1 Depths:2 Depths:3 Depths:4
Abyss: D:12 Shoals:1 Depths:2 Depths:3
Pandemonium: Orc:2 Depths:1 Depths:2
Ziggurat: Depths:2


Innate Abilities, Weirdness & Mutations

Your life essence is reduced to manifest your ancestor. (-10% HP)
Your natural rate of healing is accelerated.
You have razor-sharp teeth.
You have supernaturally acute eyesight. (SInv)
You are afflicted with vampirism and can become a bat while bloodless.
Your body sometimes deteriorates upon taking damage.


Message History

You kill the shadow demon!
You feel yourself speed up.
You start removing your amulet.
You continue taking off the amulet "Vaunemuigra" {rElec Regen+ Dex+3}. x4
You finish taking off the amulet "Vaunemuigra" {rElec Regen+ Dex+3}.
You start putting on your amulet.
You continue putting on your amulet of faith. x5
You finish putting on your amulet of faith.
You feel a surge of divine interest.
P - an amulet of faith (around neck)
You start removing your amulet.
You continue taking off your amulet of faith. x2
Vampira is no longer moving quickly.
You continue taking off your amulet of faith. x2
You finish taking off your amulet of faith.
Hepliaklqana seems less interested in you.
You feel less pious.
You can no longer heal and protect your ancestor.
You start putting on your amulet.
You continue putting on your amulet of faith. x5
You finish putting on your amulet of faith.
You feel a surge of divine interest.
P - an amulet of faith (around neck)
You start removing your amulet.
You continue taking off your amulet of faith. x4
You finish taking off your amulet of faith.
Hepliaklqana seems less interested in you.
You feel less pious.
You can no longer swap creatures with your ancestor.
You start putting on your amulet.
You continue putting on your amulet of faith. x5
You finish putting on your amulet of faith.
You feel a surge of divine interest.
P - an amulet of faith (around neck)
You start removing your amulet.
You continue taking off your amulet of faith. x2
Your extra speed is starting to run out.
You continue taking off your amulet of faith. x2
You finish taking off your amulet of faith.
Hepliaklqana seems less interested in you.
You feel less pious.
You start putting on your amulet.
You continue putting on the amulet "Vaunemuigra" {rElec Regen+ Dex+3}. x5
You finish putting on the amulet "Vaunemuigra" {rElec Regen+ Dex+3}.
The amulet "Vaunemuigra" throbs as it attunes itself to your uninjured body.
You feel agile.
h - the amulet "Vaunemuigra" (around neck) {rElec Regen+ Dex+3} You feel yourself slow down.
There is a staircase leading out of the dungeon here.
You have escaped!

.# #.......#######...............
.# #.....##.......##........#####
.# #....#...........#.......# .#
#...#.............#......#
.###..#..............#......#
.##.#.#...............#.....#
.....#..........#.....#.....###
#....#........##......#.......###
#....#......#...@R...#......#....
#...)#.......##....##.......###..
#....#.........####.........# #.#
###..#......................# #.#
###.......................###.#
####........................#...#
......................).....#.##.
............................#.##.
........###..##########.......#..


You could see the friendly Vampira the hexer.

Vanquished Creatures
  A dread lich (Zot:5)
  2 ancient liches
  A juggernaut (Depths:2)
  Boris (Vaults:3)
  3 Killer Klowns (Zot:5)
  3 curse toes
  Vashnia (Snake:2)
  5 caustic shrikes
  A golden dragon (Vaults:5)
  3 electric golems
  7 tentacled monstrosities
  4 liches
  A walking earthen tome (Depths:3)
  5 Orb Guardians
  2 walking divine tomes (Zot:2)
  Polyphemus (Shoals:4)
  A walking crystal tome (Depths:3)
  A deep elf master archer (Elf:3)
  2 quicksilver dragons
  A sphinx (Vaults:2)
  A searing wretch (Vaults:3)
  5 titans
  2 walking frostbound tomes
  Asterion (Depths:1)
  Frances (D:14)
  A kraken (Shoals:4)
  An Executioner (Zot:5)
  A deep elf blademaster (Elf:2)
  3 tengu reavers
  3 storm dragons (Zot:4)
  A shadow dragon (Vaults:5)
  Roxanne (D:14)
  A death cob (Zot:4)
  Agnes (Snake:4)
  Donald (Shoals:3)
  A protean progenitor (Zot:5)
  The ghost of Enothyex the Spry, an adept OpSh of Hepliaklqana (Snake:2)
  4 draconian monks
  6 fire giants
  9 nagarajas
  4 narguns (Zot:2)
  13 vault wardens
  4 draconian knights
  7 deep elf sorcerers
  6 frost giants
  5 draconian scorchers
  A draconian shifter (Zot:4)
  A balrug (Depths:1)
  2 deep elf elementalists (Elf:3)
  4 iron dragons
  4 ghost moths (Zot:5)
  3 draconian annihilators
  An orc warlord (Orc:1)
  4 spriggan defenders
  16 stone giants
  14 very ugly things
  A formless jellyfish (Vaults:3)
  6 ironbound thunderhulks
  3 black draconians
  17 ironbound preservers
  3 deep elf demonologists (Elf:3)
  6 deep elf death magi (Elf:3)
  8 dire elephants
  A vampire knight (Depths:1)
  2 yellow draconians (Zot:4)
  A lorocyproca (Zot:4)
  A war gargoyle (Vaults:5)
  5 purple draconians
  A minotaur (Gauntlet)
  5 green draconians
  5 deep elf annihilators
  A spark wasp (Depths:3)
  3 red draconians
  A white draconian (Zot:4)
  7 ettins
  Snorg (Orc:1)
  4 merfolk javelineers
  The ghost of grizmgrazm2 the Grappler, a journeyman OnSh of Wu Jian (Orc:1)
  5 merfolk impalers
  6 fire dragons
  2 deep elf high priests (Elf:3)
  9 yaktaur captains
  18 vault guards
  A salamander tyrant (Snake:4)
  2 great orbs of eyes (Vaults:4)
  6 hydras
  2 demonspawn (Orc:2)
  4 spriggan air magi
  2 hell beasts
  3 rakshasas
  4 ironbound frosthearts
  A catoblepas (Shoals:4)
  11 ice dragons
  A peacekeeper (Vaults:1)
  3 alligator snapping turtles
  A two-headed ogre (shapeshifter) (Vaults:5)
  4 merfolk avatars
  3 ogre magi (Vaults:5)
  16 dancing weapons
  5 anacondas
  2 death knights (Vaults:2)
  8 centaur warriors
  4 merfolk aquamancers (Shoals:4)
  A two-headed ogre (D:11)
  4 boulder beetles
  3 satyrs
  8 deep troll shamans
  5 tengu warriors
  7 deep troll earth magi
  10 naga warriors
  2 hell hogs (Lair:5)
  5 spriggan berserkers
  An occultist (Depths:2)
  3 death yaks
  13 naga sharpshooters
  6 shock serpents
  A vampire mage (Depths:1)
  2 sun demons
  15 deep elf knights
  4 orc high priests (Orc:2)
  10 iron trolls
  4 skysharks
  A soul eater (Orc:2)
  3 hell knights
  A sixfirhy (Depths:1)
  11 sea snakes
  A shadow wraith (Depths:3)
  6 skeletal warriors
  A shadow demon (D:1)
  49 deep trolls
  3 glowing orange brains
  4 salamander mystics
  7 naga ritualists
  An orb spider (shapeshifter) (Depths:2)
  3 flayed ghosts
  7 arcanists
  3 harpies (Shoals:4)
  3 necromancers
  9 orc knights
  21 deep elf zephyrmancers
  8 lindwurms
  18 ironbound convokers
  14 deep elf archers
  3 phantasmal warriors
  37 deep elf pyromancers
  8 orc sorcerers
  33 ugly things
  10 mana vipers
  7 cyclopes
  An oklob plant (D:11)
  A faun (shapeshifter) (Vaults:1)
  A worldbinder (Shoals:1)
  8 salamanders
  A faun (Shoals:2)
  4 moths of wrath
  11 manticores
  3 meliai (Gauntlet)
  2 apocalypse crabs (Shoals:1)
  3 kobold blastminers (Orc:1)
  A frost giant skeleton (Vaults:1)
  A fire giant skeleton (Vaults:1)
  5 guardian serpents (Snake:4)
  A rust devil (Gauntlet)
  3 water nymphs
  4 elephants (Lair:5)
  5 merfolk sirens
  7 naga magi
  38 black mambas
  5 molten gargoyles
  19 vault sentinels
  3 gargoyles
  2 ice statues (IceCv)
  A torpor snail (Lair:4)
  4 kobold demonologists
  5 rime drakes
  A large abomination (Shoals:1)
  6 cane toads
  An unseen horror (D:9)
  4 freezing wraiths
  2 efreet (Volcano)
  12 komodo dragons
  2 tengu conjurers
  2 ice devils (Orc:2)
  A tormentor (D:7)
  An ancient zyme (Shoals:1)
  A wind drake (Shoals:4)
  23 yaktaurs
  Grinder (D:3)
  24 merfolk
  A wind drake (shapeshifter) (D:15)
  3 polar bears
  7 trolls
  3 hornets (Depths:3)
  A dream sheep (shapeshifter) (Depths:2)
  5 snapping turtles
  A glass eye (shapeshifter) (Elf:2)
  6 dream sheep
  7 blink frogs
  14 slime creatures
  2 air elementals
  A jumping spider (shapeshifter) (Vaults:5)
  A ynoxinul (Gauntlet)
  17 water elementals
  2 spriggans (Depths:3)
  A human (shapeshifter) (Elf:2)
  A vampire (D:11)
  3 fire elementals
  6 wyverns
  6 humans
  5 basilisks
  A hog (shapeshifter) (Elf:2)
  2 steam dragons (Lair:5)
  4 wargs
  A warg (shapeshifter) (Vaults:5)
  5 vampire mosquitoes
  25 yaks
  2 chaos spawn
  A glowing shapeshifter zombie (Vaults:1)
  An elf skeleton (Vaults:1)
  2 acid dragons
  A spatial vortex (Shoals:1)
  18 nagas
  A swamp worm (shapeshifter) (Depths:4)
  14 water moccasins
  3 hell hounds (Lair:5)
  A meliai simulacrum (D:13)
  3 ice beasts
  3 sky beasts
  40 orc warriors
  17 wolves
  6 boggarts
  4 ogres
  4 black bears
  A snapping turtle zombie (Shoals:1)
  5 centaurs
  4 phantoms
  2 kobold brigands
  17 bullfrogs
  2 gnoll sergeants
  An earth elemental (Volcano)
  A small abomination (Shoals:1)
  A scorpion (D:4)
  3 wights
  2 hexers
  A lindwurm simulacrum (IceCv)
  9 killer bees
  A howler monkey (D:12)
  An electric eel (Lair:4)
  2 bombardier beetles
  5 lava snakes (Lair:5)
  A hound (D:6)
  3 jellies
  3 komodo dragon simulacra (IceCv)
  A gnoll bouda (D:5)
  25 orc priests
  4 sleepcaps
  2 iron imps (Gauntlet)
  2 iguanas
  19 orc wizards
  4 acid dragon simulacra (IceCv)
  30 gnolls
  6 adders
  A shadow imp (D:8)
  2 ufetubi (D:6)
  2 steam dragon simulacra (IceCv)
  2 worms (D:3)
  3 dart slugs
  55 orcs
  8 ball pythons
  7 bats
  9 endoplasms
  4 giant cockroaches
  13 goblins
  13 hobgoblins
  2 quokkas
  A frilled lizard (D:3)
  8 kobolds
  5 rats
  A butterfly (Lair:3)
  A tentacle (Shoals:4)
1529 creatures vanquished.

Vanquished Creatures (collateral kills)
  2 dread liches (Vaults:5)
  Boris (Depths:1)
  A Killer Klown (Zot:5)
  Saint Roka (Depths:2)
  Margery (Vaults:3)
  Nikola (Snake:1)
  A golden dragon (Zot:4)
  A bone dragon (Depths:4)
  3 tentacled monstrosities
  Zenata (Elf:2)
  2 liches
  An Ice Fiend (Zot:5)
  5 Orb Guardians (Zot:5)
  2 titans
  A sphinx (Vaults:5)
  A deep elf blademaster (Elf:3)
  3 storm dragons
  Aizul (Snake:1)
  3 tengu reavers (Vaults:5)
  5 nagarajas (Snake:4)
  Kirke (Snake:4)
  2 draconian monks (Zot:5)
  A nargun (Zot:2)
  5 draconian shifters
  5 deep elf sorcerers
  A balrug (D:7)
  2 draconian knights
  2 draconian scorchers
  An iron dragon (Depths:4)
  5 fire giants
  2 frost giants
  3 vault wardens
  2 deep elf elementalists (Elf:3)
  A draconian stormcaller (Zot:4)
  3 ironbound preservers
  3 draconian annihilators
  4 stone giants
  6 very ugly things
  A formless jellyfish (Vaults:1)
  2 spriggan defenders
  A green draconian (Zot:4)
  2 deep elf demonologists (Elf:3)
  2 deep elf death magi
  A vampire knight (Depths:2)
  2 deep elf annihilators
  A dire elephant (Vaults:4)
  2 purple draconians
  2 white draconians (Zot:5)
  4 spark wasps (Depths:3)
  5 ettins
  3 yellow draconians
  A blizzard demon (D:1)
  2 merfolk javelineers
  An entropy weaver (Vaults:2)
  2 fire dragons
  3 great orbs of eyes
  2 deep elf high priests
  3 yaktaur captains
  2 spriggan air magi (Depths:3)
  2 rakshasas
  9 vault guards (Vaults:5)
  An ogre mage (Vaults:5)
  4 ice dragons
  3 merfolk avatars
  2 ironbound frosthearts
  An anaconda (Snake:3)
  7 dancing weapons
  2 boulder beetles
  3 merfolk aquamancers
  A death yak (Shoals:3)
  3 tengu warriors
  3 deep troll earth magi
  4 naga warriors
  6 naga sharpshooters
  2 deep troll shamans
  A spriggan berserker (Depths:2)
  An orc high priest (Orc:2)
  A hell knight (Vaults:3)
  4 deep elf knights
  A skyshark (Lair:3)
  4 iron trolls
  A shadow demon (Zot:1)
  A shadow wraith (Depths:3)
  3 sea snakes (Shoals:4)
  14 deep trolls
  5 arcanists
  A glowing orange brain (Depths:4)
  5 ironbound convokers
  3 lindwurms
  2 flayed ghosts
  2 deep elf archers
  2 necromancers
  22 ugly things
  3 deep elf zephyrmancers
  2 phantasmal warriors
  A mana viper (Snake:2)
  3 orc knights
  4 deep elf pyromancers (Elf:2)
  A harpy (Shoals:4)
  An oklob plant (D:11)
  2 fauns (Shoals:3)
  The ghost of Fandomethor the Covert, a novice SpEn (D:7)
  3 orc sorcerers (Depths:2)
  8 salamanders
  A meliai (shapeshifter) (Vaults:5)
  3 manticores (Shoals:4)
  A worldbinder (Shoals:1)
  2 moths of wrath
  3 naga magi
  2 guardian serpents (Snake:4)
  2 water nymphs
  4 merfolk sirens
  2 elephants (Lair:5)
  2 eyes of devastation (shapeshifter)
  A water nymph (shapeshifter) (Vaults:3)
  3 vault sentinels
  3 molten gargoyles (Volcano)
  An orange demon (Orc:2)
  8 black mambas
  A komodo dragon (Lair:5)
  5 cane toads
  An efreet (D:15)
  A yaktaur zombie (Vaults:1)
  9 yaktaurs
  A hellion (Zot:4)
  A rime drake (IceCv)
  A rime drake (shapeshifter) (Elf:1)
  A freezing wraith (Vaults:5)
  5 wind drakes
  11 merfolk
  A polar bear (Lair:4)
  A hornet (Depths:2)
  A troll (D:10)
  2 snapping turtles (Shoals:3)
  5 blink frogs
  4 dream sheep
  4 slime creatures
  2 spriggans
  A vampire (D:9)
  14 water elementals
  A wyvern (D:9)
  3 humans (D:13)
  A wraith (D:10)
  13 yaks
  2 fire elementals
  2 basilisks (Lair:5)
  3 wargs
  3 hogs (Snake:4)
  A redback (Vaults:2)
  A redback (shapeshifter) (Depths:1)
  4 nagas
  A swamp worm (shapeshifter) (Vaults:5)
  4 water moccasins
  A hell hound (Lair:5)
  10 orc warriors
  3 ogres
  3 wolves
  3 centaurs
  A boggart (Vaults:2)
  A gnoll sergeant (D:9)
  2 wights (D:8)
  A lindwurm simulacrum (IceCv)
  An electric eel (Bailey)
  2 komodo dragon simulacra (IceCv)
  2 jellies (Lair:4)
  2 orc priests
  A sleepcap (D:6)
  6 orc wizards
  4 gnolls
  4 acid dragon simulacra (IceCv)
  A white imp (D:7)
  4 steam dragon simulacra (IceCv)
  19 orcs
  An endoplasm (Lair:4)
  4 goblins
  A kobold (D:7)
  A butterfly (Lair:3)
512 creatures vanquished.

Vanquished Creatures (others)
  Vv (Depths:2)
  2 death cobs
  A draconian knight (Zot:5)
  A vault guard (D:13)
  A shadow wraith (Depths:3)
  A deep elf pyromancer (Elf:1)
  A vault sentinel (Vaults:5)
  A rime drake (IceCv)
  A naga (Snake:2)
  An orc warrior (Bailey)
  2 ancestors (Bailey)
  62 hexers
  2 orcs
  7 tentacles (Shoals:4)
84 creatures vanquished.

Grand Total: 2125 creatures vanquished

Notes
Turn   | Place    | Note
-------+----------+-------------------------------------------
     0 | D:1      | Ge0ff the Vampire Earth Elementalist began the quest for
                  | the Orb.
     0 | D:1      | Reached XP level 1. HP: 13/13 MP: 3/3
   156 | D:1      | Reached XP level 2. HP: 20/20 MP: 1/5
   299 | D:1      | Learned a level 3 spell: Passwall
   362 | D:1      | Reached skill level 1 in Fighting
   411 | D:1      | Gained mutation: You are afflicted with vampirism and can
                  | become a bat while bloodless. [Vampire growth]
   411 | D:1      | Reached XP level 3. HP: 26/26 MP: 4/6
   680 | D:2      | Learned a level 3 spell: Stone Arrow
  1232 | D:2      | Reached XP level 4. HP: 32/32 MP: 2/8
  2054 | D:3      | Reached XP level 5. HP: 29/37 MP: 6/9
  2123 | D:3      | Reached skill level 1 in Short Blades
  2201 | D:3      | Reached skill level 5 in Earth Magic
  2377 | D:3      | Noticed Grinder
  2409 | D:3      | Killed Grinder
  2410 | D:3      | Reached XP level 6. HP: 37/43 MP: 9/11
  2590 | D:4      | Found a staircase to the Ecumenical Temple.
  2597 | D:4      | Found a sparkling altar of Nemelex Xobeh.
  2614 | Temple   | Entered the Ecumenical Temple
  2634 | Temple   | Became a worshipper of Hepliaklqana the Forgotten
  2667 | D:4      | Reached XP level 7. HP: 48/48 MP: 11/13
  2729 | D:4      | Found an iron altar of Okawaru.
  3304 | D:5      | Entered Level 5 of the Dungeon
  3388 | D:5      | Reached skill level 1 in Armour
  3400 | D:5      | Reached XP level 8. HP: 54/54 MP: 9/15
  3458 | D:5      | Found Mukhib's Antique Armour Emporium.
  3482 | D:5      | Found the +5 Force Lance {heavy, knockback}
  3542 | D:5      | Reached * piety under Hepliaklqana
  3585 | D:5      | Reached skill level 1 in Evocations
  3666 | D:5      | Identified a scroll of acquirement
  3667 | D:5      | Acquired the +3 Mad Mage's Maulers {Infuse+∞ VampMP -Cast}
  3667 | D:5      | Found the +3 Mad Mage's Maulers {Infuse+∞ VampMP -Cast}
  4103 | D:5      | Found a bloodstained altar of Trog.
  4318 | D:6      | Reached skill level 5 in Spellcasting
  4367 | D:6      | Identified the +6 sling "Yblor" {drain, rF+ rN+ Dex-4}
  5680 | D:7      | Acquired the +1 buckler "Oshuf" {rN+}
  5720 | D:7      | Reached skill level 1 in Shields
  5762 | D:7      | Found a flagged portal.
  5764 | D:7      | Reached XP level 9. HP: 56/56 MP: 3/16
  5859 | Bailey   | Entered a bailey
  5883 | Bailey   | Reached ** piety under Hepliaklqana
  5883 | Bailey   | Noticed an orc knight
  5897 | Bailey   | Reached skill level 5 in Short Blades
  6015 | Bailey   | Killed an orc knight
  6279 | Bailey   | Remembered your ancestor Vampira as a hexer
  6390 | Bailey   | Noticed an orc knight
  6425 | Bailey   | Killed an orc knight
  6426 | Bailey   | Reached skill level 5 in Fighting
  6657 | Bailey   | Acquired 1065 gold pieces
  7045 | Bailey   | Found an iron altar of Okawaru.
  7045 | Bailey   | Noticed an orc sorcerer
  7045 | Bailey   | Noticed a kobold demonologist
  7045 | Bailey   | Paralysed by an orc sorcerer for 2 turns
  7072 | Bailey   | Killed an orc sorcerer
  7073 | Bailey   | Reached XP level 10. HP: 66/66 MP: 4/17
  7079 | Bailey   | Noticed a rust devil
  7090 | Bailey   | Noticed a soul eater
  7091 | Bailey   | Noticed a sixfirhy
  7260 | Bailey   | Identified the +2 flail of Dominance {drain, *Noise Fly
                  | rF+++ Dex+2}
  7359 | Bailey   | Noticed an orc knight
  7387 | Bailey   | Killed an orc knight
  7797 | D:7      | Noticed Fandomethor's ghost (novice SpEn)
  7804 | D:7      | Noticed a skeletal warrior
  7895 | D:7      | Found a runed translucent gate.
  7895 | D:7      | Found a runed translucent gate.
  7895 | D:7      | Found a runed translucent gate.
  9721 | D:8      | Reached *** piety under Hepliaklqana
  9884 | D:8      | Reached skill level 10 in Short Blades
  9976 | D:8      | Identified the +1 hand axe "Pynoshu" {elec, rPois rF+
                  | Dex+3}
 10095 | D:8      | Identified the +5 dagger of Ewkydo {drain, Dex+2}
 10120 | D:8      | Reached skill level 5 in Dodging
 11555 | D:9      | Reached skill level 5 in Shields
 12391 | D:9      | Noticed Maurice
 12395 | D:9      | Maurice changed into Maurice the sky beast
 12395 | D:9      | Noticed Maurice
 12398 | D:9      | Killed Maurice the sky beast
 12565 | D:9      | Reached XP level 11. HP: 67/71 MP: 0/18
 13058 | D:10     | Entered Level 10 of the Dungeon
 13259 | D:10     | Found a staircase to the Orcish Mines.
 13413 | D:10     | Reached **** piety under Hepliaklqana
 14258 | D:11     | Noticed a boulder beetle
 14287 | D:11     | Found a gate leading to a gauntlet.
 14289 | D:11     | Killed a boulder beetle
 14362 | Gauntlet | Entered a Gauntlet
 14362 | Gauntlet | Found a transporter.
 14453 | Gauntlet | Found a transporter.
 14456 | Gauntlet | Found a transporter.
 14457 | Gauntlet | Found a transporter.
 14465 | Gauntlet | Found a transporter.
 14468 | Gauntlet | Found a transporter.
 14469 | Gauntlet | Found a transporter.
 14473 | Gauntlet | Found a runed translucent door.
 14473 | Gauntlet | Noticed a necromancer
 14477 | Gauntlet | Found a transporter.
 14480 | Gauntlet | Found a transporter.
 14481 | Gauntlet | Found a transporter.
 14488 | Gauntlet | Found a runed translucent door.
 14488 | Gauntlet | Noticed a hell beast
 14489 | Gauntlet | Found a transporter.
 14492 | Gauntlet | Found a transporter.
 14493 | Gauntlet | Found a transporter.
 14502 | Gauntlet | Found a transporter.
 14910 | Gauntlet | Killed a necromancer
 15037 | Gauntlet | Killed a hell beast
 15038 | Gauntlet | Reached skill level 1 in Invocations
 15038 | Gauntlet | Identified the +2 pair of boots of a bailey {*Slow rF+ rC+
                  | Dex+3}
 15220 | Gauntlet | Identified the +2 pair of gloves of Peg Mida {rElec Regen+
                  | Int+5}
 15248 | Gauntlet | Identified the +9 sling of Zoonag {antimagic, rPois rN+
                  | Str+2 Dex-3}
 15248 | Gauntlet | Noticed a minotaur
 15260 | Gauntlet | Killed a minotaur
 15425 | D:10     | Learned a level 3 spell: Fugue of the Fallen
 15430 | D:10     | Learned a level 4 spell: Manifold Assault
 15435 | D:11     | Noticed a two-headed ogre
 15444 | D:11     | Reached XP level 12. HP: 77/77 MP: 19/19
 15447 | D:11     | Killed a two-headed ogre
 15454 | D:11     | Reached skill level 1 in Necromancy
 15532 | D:11     | Found a staircase to the Lair.
 15995 | Lair:1   | Entered Level 1 of the Lair of Beasts
 16216 | Lair:1   | Noticed a seven-headed hydra
 16227 | Lair:1   | Killed a seven-headed hydra
 16724 | Lair:2   | Found a staircase to the Shoals.
 16758 | Lair:2   | Found a staircase to the Snake Pit.
 16857 | Lair:2   | Reached ***** piety under Hepliaklqana
 17157 | Lair:2   | Reached skill level 5 in Evocations
 17861 | Lair:3   | Reached XP level 13. HP: 85/85 MP: 20/20
 18099 | Lair:3   | Reached skill level 5 in Necromancy
 18106 | Lair:3   | Reached skill level 5 in Armour
 18247 | Lair:3   | Reached skill level 5 in Invocations
 19019 | Lair:4   | Found a dark tunnel.
 19024 | Volcano  | Entered a volcano
 19868 | Lair:4   | Found a viscous altar of Jiyva.
 19868 | Lair:4   | Found a staircase to the Slime Pits.
 20549 | Lair:5   | Entered Level 5 of the Lair of Beasts
 20639 | Lair:5   | Reached skill level 1 in Throwing
 20913 | Lair:5   | Reached XP level 14. HP: 95/95 MP: 19/21
 21600 | Lair:5   | Found a large runed translucent door.
 21602 | Lair:5   | Found a large runed translucent door.
 22474 | D:7      | Killed Fandomethor's ghost
 22657 | Orc:1    | Entered Level 1 of the Orcish Mines
 22670 | Orc:1    | Noticed an orc warlord
 22705 | Orc:1    | Found Vizick's Armour Shoppe.
 22705 | Orc:1    | Noticed Snorg
 22717 | Orc:1    | Killed Snorg
 22841 | Orc:1    | Killed an orc warlord
 22902 | Orc:1    | Bought the +3 scale mail of Cloud Cover {Rampage Will+
                  | Regen+ MP+9} for 555 gold pieces
 22998 | Orc:1    | Found a transporter.
 22998 | Orc:1    | Noticed grizmgrazm2's ghost (journeyman OnSh)
 23066 | Orc:1    | Found a transporter.
 23255 | Orc:1    | Killed grizmgrazm2's ghost
 23304 | Orc:2    | Entered Level 2 of the Orcish Mines
 23304 | Orc:2    | Found a staircase to the Elven Halls.
 23304 | Orc:2    | Found Keph's Armour Shop.
 23633 | Orc:2    | Found Boics's General Store.
 23736 | Orc:2    | Found Gepe's Specific Store.
 23747 | Orc:2    | Bought a scroll of teleportation for 36 gold pieces
 23792 | Orc:2    | Reached skill level 5 in Stealth
 24134 | Orc:2    | Found Ycaizaur's General Store.
 24139 | Orc:2    | Found Xouphipu's General Store.
 24158 | Orc:2    | Reached skill level 10 in Fighting
 24164 | Orc:2    | Paralysed by an orc sorcerer for 3 turns
 24246 | Orc:2    | Reached skill level 5 in Throwing
 24301 | Orc:2    | Reached XP level 15. HP: 94/103 MP: 22/22
 24358 | Orc:2    | Found Hyath's Antique Weapon Emporium.
 24358 | Orc:2    | Found Zinoag's Book Shoppe.
 24359 | Orc:2    | Found a one-way gate leading to the halls of Pandemonium.
 24405 | Orc:2    | Bought a scroll of enchant weapon for 82 gold pieces
 24467 | Orc:2    | Bought a book of Spatial Translocations for 198 gold pieces
 24470 | Orc:2    | Learned a level 2 spell: Blink
 24662 | D:12     | Found a one-way gate to the infinite horrors of the Abyss.
 24662 | D:12     | Identified the +5 dagger of Joinahix {distort, *Rage rF+
                  | Dex+2}
 24662 | D:12     | Identified the +1 robe of the Lime {rF+}
 24963 | D:12     | Found Gozag's Platinum Reserve.
 24968 | D:12     | Found an opulent altar of Gozag.
 25063 | D:12     | Found a large runed translucent door.
 25065 | D:12     | Found a large runed translucent door.
 25065 | D:12     | Found a corrupted altar of Lugonu.
 25311 | D:13     | Found a frozen archway.
 25324 | IceCv    | Entered an ice cave
 25984 | D:13     | You fall into a shaft and drop 2 floors!
 25984 | D:15     | Entered Level 15 of the Dungeon
 26044 | D:15     | Found a shimmering blue altar of Sif Muna.
 26522 | D:15     | Found a staircase to the Depths.
 26816 | D:15     | Learned a level 1 spell: Apportation
 27025 | D:14     | Found a transporter.
 27047 | D:14     | Found a transporter.
 27244 | D:14     | Noticed Frances
 27267 | D:14     | Killed Frances
 27932 | D:13     | Found a gate to the Vaults.
 28428 | D:14     | Noticed Roxanne
 28448 | D:14     | Killed Roxanne
 28463 | D:14     | Reached XP level 16. HP: 114/114 MP: 23/23
 28977 | D:14     | Identified the +1 bardiche of Termination {elec, *Slow
                  | rPois rCorr Str+4}
 29087 | D:11     | Learned a level 5 spell: Borgnjor's Vile Clutch
 29196 | Snake:1  | Entered Level 1 of the Snake Pit
 29196 | Snake:1  | Noticed Nikola
 29205 | Snake:1  | Killed Nikola
 29211 | Snake:1  | Reached skill level 10 in Necromancy
 29472 | Snake:1  | Reached skill level 10 in Armour
 29482 | Snake:1  | Identified the serpent talisman "Cantuer" {rF+}
 29482 | Snake:1  | Noticed Aizul
 29492 | Snake:1  | Killed Aizul
 30023 | Snake:2  | Found a transporter.
 30028 | Snake:2  | Noticed Enothyex's ghost (adept OpSh)
 30032 | Snake:2  | Found Binuify's Jewellery Shop.
 30033 | Snake:2  | Found Gicuegemo's Book Emporium.
 30034 | Snake:2  | Found Beihagow's Jewellery Shop.
 30049 | Snake:2  | Bought the ring of the Castellan {EV+5 Slay+2 Stlth+} for
                  | 867 gold pieces
 30062 | Snake:2  | Found a transporter.
 30268 | Snake:2  | Noticed Vashnia
 30377 | Snake:2  | Killed Vashnia
 31293 | Snake:3  | Reached XP level 17. HP: 119/119 MP: 27/27
 31584 | Snake:4  | Entered Level 4 of the Snake Pit
 31715 | Snake:4  | Noticed Kirke
 31727 | Snake:4  | Killed Kirke
 31799 | Snake:4  | Reached skill level 10 in Dodging
 31946 | Snake:4  | Reached skill level 10 in Earth Magic
 32086 | Snake:4  | Upgraded the game from 0.31-a0-1412-g7b7c7d10e1 to
                  | 0.31-a0-1439-g542172135e
 32553 | Snake:4  | Noticed Agnes
 32561 | Snake:4  | Killed Agnes
 34056 | Snake:4  | Got a serpentine rune of Zot
 34539 | Snake:2  | Reached skill level 10 in Invocations
 34735 | Snake:2  | Killed Enothyex's ghost
 34905 | Shoals:1 | Entered Level 1 of the Shoals
 34905 | Shoals:1 | Found Plog's Armour Boutique.
 34924 | Shoals:1 | Bought a +1 cloak of poison resistance for 243 gold pieces
 35378 | Shoals:1 | Found a runed translucent door.
 35958 | Shoals:1 | Found a corrupted altar of Lugonu.
 36398 | Shoals:2 | Reached XP level 18. HP: 128/128 MP: 28/28
 36410 | Shoals:2 | Found a flickering gateway to a bazaar.
 36419 | Bazaar   | Entered a bazaar
 36427 | Bazaar   | Found Cusoot's Jewellery Shop.
 36427 | Bazaar   | Found Mamenish's Book Boutique.
 36449 | Bazaar   | Bought a book of Hexes for 540 gold pieces
 36449 | Bazaar   | Bought a book of Spontaneous Combustion for 570 gold pieces
 36459 | Bazaar   | Learned a level 5 spell: Irradiate
 36862 | Shoals:2 | Identified the +6 chain mail "Nepo Ahu" {rC+}
 37947 | Shoals:3 | Noticed Donald
 37957 | Shoals:3 | Killed Donald
 39071 | Shoals:4 | Entered Level 4 of the Shoals
 39222 | Shoals:4 | Noticed Polyphemus
 39913 | Shoals:4 | Identified the amulet "Vaunemuigra" {rElec Regen+ Dex+3}
 39914 | Shoals:4 | hello there
 40143 | Shoals:4 | Killed Polyphemus
 40462 | Shoals:1 | Identified the ring of Grace {Wiz rC+ MP+9 Stlth+}
 41457 | Shoals:4 | Reached skill level 10 in Shields
 41472 | Shoals:4 | Got a barnacled rune of Zot
 42066 | Elf:1    | Entered Level 1 of the Elven Halls
 42464 | Elf:1    | You fall into a shaft and drop 1 floor!
 42498 | Elf:2    | Reached XP level 19. HP: 136/136 MP: 31/31
 43008 | Elf:1    | Got Reeciesots's Precepts of Gathered Momentum
 43292 | Elf:2    | Paralysed by an air elemental for 1 turns
 43662 | Elf:2    | Found a runed translucent gate.
 43663 | Elf:2    | Found a runed translucent gate.
 43663 | Elf:2    | Found a runed translucent gate.
 43730 | Elf:2    | Found Equxt's Armour Shop.
 43890 | Elf:2    | Noticed Zenata
 43899 | Elf:2    | Killed Zenata
 43900 | Elf:2    | Reached skill level 10 in Spellcasting
 44139 | Elf:2    | Reached skill level 15 in Fighting
 44422 | Elf:3    | Entered Level 3 of the Elven Halls
 44422 | Elf:3    | Found Jugapt's Antique Armour Emporium.
 44471 | Elf:3    | Found Cogy's Elven Fire.
 44495 | Elf:3    | Bought a scroll of immolation for 56 gold pieces
 44794 | Elf:3    | Paralysed by an air elemental for 1 turns
 45423 | Elf:3    | Identified the +1 mace of Brutal Revenge {pain, ^Contam
                  | rF++ Int+8 Dex-2}
 45425 | Elf:3    | Identified the +8 long sword "Jaexekk" {spect, rF+}
 45441 | Elf:3    | Reached XP level 20. HP: 145/145 MP: 7/34
 45456 | Elf:3    | Identified the +4 rapier of Hatred {pain, rF+ Str+2 Int+3}
 45711 | Elf:3    | Identified the +3 leather armour of Loss {Int+4}
 45875 | Elf:3    | Got the Omnibus of Unhallowed Arts
 46016 | Elf:3    | Got the Vademecum on Spectral Breath
 46037 | Elf:3    | Learned a level 4 spell: Dispel Undead
 46042 | Elf:3    | Learned a level 4 spell: Martyr's Knell
 46301 | Vaults:1 | Entered Level 1 of the Vaults
 46409 | Vaults:1 | Reached skill level 1 in Translocations
 46411 | Vaults:1 | Reached skill level 1 in Summonings
 46597 | Vaults:1 | Reached skill level 1 in Conjurations
 47070 | Vaults:1 | Identified the ring "Bysiseuj" {Will+ AC+4 Str+2 Dex+2
                  | SInv}
 47071 | Vaults:1 | hmmm
 47074 | Vaults:1 | Identified the +0 helmet "Kuarph" {Slay+2}
 47083 | Vaults:1 | Identified the +1 helmet of Dulagisunon {Harm *Slow Str+2
                  | Dex+4}
 47086 | Vaults:1 | Identified the +11 hand axe of Holoaj {protect, rPois
                  | Int+2}
 47981 | Vaults:2 | Found a staircase to the Crypt.
 48420 | Vaults:2 | Identified the +0 robe of Red Curiosity {Str+4}
 48460 | Vaults:2 | Got the Almanac of Thrice Damned Blessings
 48818 | Vaults:2 | Reached skill level 10 in Stealth
 49527 | Vaults:3 | Noticed Boris
 49537 | Vaults:3 | Killed Boris
 49538 | Vaults:3 | Reached XP level 21. HP: 81/152 MP: 35/35
 49614 | Vaults:3 | Reached ****** piety under Hepliaklqana
 49640 | Vaults:3 | Noticed Margery
 49647 | Vaults:3 | Killed Margery
 49965 | Vaults:3 | Reached skill level 5 in Alchemy
 51100 | Vaults:4 | Got the Compendium of the Assistive Blaze
 51777 | Vaults:4 | Found Ecio's General Store.
 51784 | Vaults:4 | Bought a potion of resistance for 150 gold pieces
 52475 | Depths:1 | Entered Level 1 of the Depths
 52563 | Depths:1 | Found a shadowy altar of Dithmenos.
 52579 | Depths:1 | Reached skill level 5 in Summonings
 52649 | Depths:1 | Found a gateway to Hell.
 52810 | Depths:1 | Noticed Asterion
 52828 | Depths:1 | Killed Asterion
 53545 | Depths:1 | Reached XP level 22. HP: 131/159 MP: 28/37
 53831 | Elf:2    | nice
 54386 | Depths:1 | Noticed a caustic shrike
 54394 | Depths:1 | Killed a caustic shrike
 54632 | Depths:2 | Noticed Boris
 54635 | Depths:2 | Noticed Saint Roka
 54648 | Depths:1 | Killed Boris
 54780 | Depths:2 | Noticed Vv
 54856 | Depths:2 | Killed Saint Roka
 55017 | Depths:2 | Killed Vv
 55018 | Depths:2 | Reached skill level 5 in Translocations
 55026 | Depths:2 | Found a one-way gateway to a ziggurat.
 55309 | Depths:2 | Noticed a juggernaut
 55427 | Depths:2 | Found a runed translucent gate.
 55427 | Depths:2 | Found a runed translucent gate.
 55427 | Depths:2 | Found a runed translucent gate.
 55690 | Depths:2 | Found a runed translucent gate.
 55690 | Depths:2 | Found a runed translucent gate.
 55690 | Depths:2 | Found a runed translucent gate.
 55712 | Depths:2 | Killed a juggernaut
 55713 | Depths:2 | Reached skill level 5 in Conjurations
 55762 | Depths:2 | Identified the +0 robe of Mumblety Peg {Will+ Str+3}
 55844 | Depths:2 | Identified the staff "Vaugot" {rPois rF+ rC+ Dex-4 Tloc
                  | Ice}
 57531 | Depths:3 | Reached XP level 23. HP: 97/166 MP: 39/39
 57556 | Depths:3 | Got the Dissertation on the Impact
 58034 | Depths:3 | Identified the ring "Wayhub" {rElec rC+ rCorr Int+6 SInv}
 58224 | Depths:4 | Entered Level 4 of the Depths
 58303 | Depths:4 | Found a flickering gateway to a bazaar.
 58309 | Depths:4 | Noticed a caustic shrike
 58309 | Depths:4 | Noticed a caustic shrike
 58310 | Depths:4 | Noticed a caustic shrike
 58311 | Depths:4 | Killed a caustic shrike
 58312 | Depths:4 | Noticed a caustic shrike
 58319 | Depths:4 | Killed a caustic shrike
 58325 | Depths:4 | Killed a caustic shrike
 58333 | Depths:4 | Killed a caustic shrike
 58356 | Bazaar   | Entered a bazaar
 58517 | Bazaar   | Found Ashraryna's Assorted Antiques.
 58533 | Bazaar   | Found Jugacsaudgh's Book Emporium.
 58549 | Bazaar   | Found Pyixean's Antique Armour Shoppe.
 58554 | Bazaar   | Bought a distressingly furry scale mail for 135 gold pieces
 58554 | Bazaar   | Identified the +1 scale mail of the Poles {*Slow rPois rN+
                  | Dex+5} (You bought it in a shop in a bazaar)
 58565 | Bazaar   | Found Gyqy's Distillery.
 58608 | Bazaar   | Bought a potion of curing for 27 gold pieces
 58608 | Bazaar   | Bought a potion of curing for 27 gold pieces
 58608 | Bazaar   | Bought a potion of haste for 90 gold pieces
 58608 | Bazaar   | Bought a potion of attraction for 27 gold pieces
 58608 | Bazaar   | Bought a potion of mutation for 72 gold pieces
 58646 | Bazaar   | Bought a scroll of teleportation for 90 gold pieces
 58646 | Bazaar   | Bought a potion of magic for 240 gold pieces
 58646 | Bazaar   | Bought a wand of charming (8) for 576 gold pieces
 58646 | Bazaar   | Bought a wavering tin ring for 150 gold pieces
 58646 | Bazaar   | Identified the ring "Zimmalor" {rCorr MP+9 Str+6 Int+3}
                  | (You bought it in a shop in a bazaar)
 58965 | Depths:4 | Found a gate to the Realm of Zot.
 59911 | Vaults:5 | Entered Level 5 of the Vaults
 59913 | Vaults:5 | Noticed a dread lich
 59922 | Vaults:5 | Killed a dread lich
 60013 | Vaults:5 | Reached skill level 10 in Alchemy
 60122 | Vaults:5 | Learned a level 2 spell: Sublimation of Blood
 60196 | Vaults:5 | Noticed an ancient lich
 60209 | Vaults:5 | Killed an ancient lich
 60424 | Vaults:5 | Reached skill level 10 in Evocations
 60563 | Vaults:5 | Reached XP level 24. HP: 169/175 MP: 11/39
 60750 | Vaults:5 | Identified the +8 mace "Ezat" {speed, rC+}
 61120 | Vaults:5 | Identified the staff of Fynk {rElec Will+ rCorr Str+2 Hexes
                  | Air}
 61122 | Vaults:5 | Identified the +3 hat of the Saviour {rElec}
 61146 | Vaults:5 | Identified the +2 war axe of Arcadian Valiance {elec, rN+
                  | Will+ Str-4 Int+3}
 61220 | Vaults:5 | Noticed a dread lich
 61240 | Vaults:5 | Killed a dread lich
 61241 | Vaults:5 | Reached skill level 15 in Invocations
 61253 | Vaults:5 | Got a silver rune of Zot
 61371 | Vaults:5 | Found Siadidot's Distillery.
 61375 | Vaults:5 | Bought a potion of resistance for 180 gold pieces
 61375 | Vaults:5 | Bought a potion of attraction for 54 gold pieces
 61375 | Vaults:5 | Bought a potion of might for 72 gold pieces
 61375 | Vaults:5 | Bought a potion of enlightenment for 90 gold pieces
 61375 | Vaults:5 | Bought a potion of heal wounds for 90 gold pieces
 61375 | Vaults:5 | Bought a potion of might for 72 gold pieces
 61619 | Vaults:5 | Found Wohioh's Magic Scroll Shoppe.
 61624 | Vaults:5 | Bought a scroll of revelation for 135 gold pieces
 61624 | Vaults:5 | Bought a scroll of teleportation for 54 gold pieces
 61631 | Vaults:5 | Found Zuzoz's Magic Scroll Boutique.
 61635 | Vaults:5 | Bought a scroll of teleportation for 36 gold pieces
 61635 | Vaults:5 | Bought a scroll of fear for 48 gold pieces
 61635 | Vaults:5 | Bought a scroll of silence for 114 gold pieces
 62388 | Orc:2    | Bought a wand of mindburst (7) for 147 gold pieces
 62388 | Orc:2    | Bought a wand of acid (3) for 189 gold pieces
 62388 | Orc:2    | Bought a potion of haste for 150 gold pieces
 62388 | Orc:2    | Bought a scroll of poison for 60 gold pieces
 62390 | Orc:2    | Bought a wand of charming (5) for 132 gold pieces
 62638 | Zot:1    | Entered Level 1 of the Realm of Zot
 64338 | Zot:4    | Identified the ring "Yxeedet" {Ice Stlth+}
 64921 | Zot:5    | Entered Level 5 of the Realm of Zot
 65006 | Zot:5    | Identified the +0 plate armour of Monotheism {Harm rCorr
                  | Str-3 Dex+4}
 65236 | Zot:5    | Reached XP level 25. HP: 180/180 MP: 15/39
 66279 | Zot:5    | Noticed a Killer Klown
 66279 | Zot:5    | Noticed a Killer Klown
 66279 | Zot:5    | Noticed a Killer Klown
 66279 | Zot:5    | Noticed a Killer Klown
 66284 | Zot:5    | Killed a Killer Klown
 66288 | Zot:5    | Killed a Killer Klown
 66291 | Zot:5    | Killed a Killer Klown
 66293 | Zot:5    | Killed a Killer Klown
 66407 | Zot:5    | Noticed a dread lich
 66407 | Zot:5    | Noticed an ancient lich
 66408 | Zot:5    | Killed a dread lich
 66414 | Zot:5    | Killed an ancient lich
 66416 | Zot:5    | Noticed an ancient lich
 66416 | Zot:5    | Noticed an ancient lich
 66417 | Zot:5    | Noticed an orb of fire
 66417 | Zot:5    | Noticed a Killer Klown
 66419 | Zot:5    | Gained mutation: Your body sometimes deteriorates upon
                  | taking damage. [an orb of fire]
 66430 | Zot:5    | Got the Orb of Zot
 66434 | Zot:5    | Noticed a Killer Klown
 66434 | Zot:5    | Noticed an orb of fire
 66435 | Zot:5    | Noticed an ancient lich
 66440 | Zot:5    | Noticed an ancient lich
 67143 | D:$      | Escaped with the Orb!

Illustrated notes

#≈..≈#≈#..#~~~.†...~~~≈≈≈≈≈≈
#≈.≈##≈≈..#~~~~~~~~.~≈≈≈≈≈≈≈
#≈.≈≈≈≈...#~~~~~~≈~~~≈≈≈≈≈≈
#≈..#≈..#.#.~~~~~≈≈≈≈≈≈≈≈≈
##~..?.#.#..~~~~~≈≈≈≈≈≈≈≈≈
##~....#...~~~~~≈≈≈≈≈≈≈≈≈
~######.....~~~~≈≈≈≈≈≈≈≈≈
≈~........R.~~~~≈≈≈≈≈≈≈≈≈
≈~........@.~~~~≈≈≈≈≈≈≈≈≈
≈~~~.........~P~P~≈≈≈≈≈≈≈
≈≈~~~...†.)...PP~~≈≈≈≈≈≈≈
≈≈~~~~~.......~~P~P≈≈≈≈≈≈
≈≈≈~~~~~..)P..~PPPP~≈≈≈≈≈
#######~...)P.PPP~~~≈≈≈≈≈
######..P~~~~≈≈≈≈≈≈
#####.~~~m≈≈≈≈≈≈≈
#......~~~≈≈≈≈≈≈≈


Turn 39914 on Shoals:4: hello there ########## #.....#[)# #########.....#.)#
........#..#''#''# ........#..#..'..# .....)..').#..'..# ........#.)#''#''#
........#.)...#.R# ^.......#.....#[@# ........########## ........# ##'#....#
.).#....# )..#....# #†##....# '.##....# ####....# Turn 47071 on Vaults:1: hmmm
## ##### ##### .## ##...## ##...## ### ..###.....###.....## #.>
...................##### #####.# ................@...##.## #......
...............?R...###.###.###?. ....................# ##)...# #..
...................####.##### #.. ..................## #(## #..
..................# ### ### ..................## # ......###..........## ##
.....## ##..........# ##. Turn 53831 on Elf:2: nice

Levels and vault maps discovered:
D:1:      dpeg_arrival_solitude, layout_rooms, minmay_statues_item
D:2:      layout_basic, kennysheep_nub, hangedman_decor_riveting
D:3:      layout_rooms, uniq_grinder
D:4:      layout_rooms, lemuel_crystal_altar, mainiacjoe_overflow_catwalk,
          minmay_temple_entry_sparse_star, minmay_misc_feat_hallway,
          st_stairs_3, hangedman_decor_clover_reticule
D:5:      layout_cave_pools, lightli_temple_of_fire, serial_shops,
          nicolae_stop_n_shop_1, amcnicky_mini_pool_small
D:6:      layout_basic
D:7:      layout_layer_cave, gammafunk_ghost_split, enter_bailey_3
D:8:      layout_loops_ring, minmay_misc_feat_chi
D:9:      kennysheep_six_static_rooms, layout_basic, palyth_stone_intersect,
          uniq_maurice
D:10:     layout_cave_pools, david_orc_3, chequers_serial_rivers_marsh
D:11:     layout_cave_pools, dpeg_oklobed_lair, gauntlet_entry_generic,
          nzn_life_drinkers
D:12:     due_chaos_kobolds, layout_rooms, nicolae_gozag_zags_fifth_avenue
D:13:     evilmike_horseshoe, layout_long_grid, ximxim_vaults_locker_room,
          portal_ice_cave_rime
D:14:     gammafunk_the_bubble [the_bubble_gammafunk_crates], layout_loops_ring,
          uniq_frances, uniq_roxanne
D:15:     hangedman_depths_entry_civil_slaughter, layout_irregular_city,
          hellmonk_sif_muna_bookshelves
Temple:   nicolae_temple_bog_church
Lair:1:   layout_roguey
Lair:2:   layout_roguey, minmay_shoals_entry_lonely_mermaid,
          guppyfry_snake_entry_island
Lair:3:   layout_regular_city, lemuel_fruit_fields, infiniplex_staircase_pool_2
Lair:4:   layout_layer_cave, nicolae_slime_entry_slimehenge, enter_volcano_4,
          nicolae_lair_grove_arrangements, serial_bayou_shore_a
Lair:5:   cheibrodos_lair_end_hotspot, layout_regular_city
Shoals:1: layout_shoals, serial_shops, shop, nicolae_shoals_abyss_on_the_beach
Shoals:2: layout_shoals, serial_shops, bzr_firewalk
Shoals:3: layout_shoals, uniq_donald
Shoals:4: shoals_end_hangedman, layout_shoals, ldierk_geyser, uniq_polyphemus
Snake:1:  layout_cave_shapes, uniq_nikola, uniq_aizul
Snake:2:  layout_rooms, gammafunk_ghost_arena, grunt_megastairs_1,
          minmay_shop_grove, uniq_vashnia
Snake:3:  layout_rooms
Snake:4:  grunt_snake_rune_spirals, layout_onion, basic_altar,
          hangedman_snake_pattern, uniq_kirke, uniq_agnes
Orc:1:    layout_caves, gammafunk_ghost_arena, basic_altar, serial_shops, shop,
          uniq_snorg
Orc:2:    pf_orc_diabolical, layout_caves, serial_shops, nicolae_square_shop,
          nicolae_specific_store
Elf:1:    minmay_elf_arrival_circle, layout_rooms, minmay_elf_sorcery
Elf:2:    nicolae_elf_blades_crystal_corner, layout_loops_corners, serial_shops,
          nicolae_shop_tiny_waterfront, uniq_zenata
Elf:3:    minmay_elf_hall_spiked, layout_geoelf_diagonals, serial_shops, shop,
          nicolae_elf_big_sculpture_1, guppyfry_elf_lava
Vaults:1: nicolae_vaults_more_shelving_1, nicolae_vaults_spaceships,
          nicolae_vaults_little_squares_3, nicolae_vaults_closet_pinwheel_6,
          nicolae_vaults_asterisk, nicolae_vaults_storing_the_good_stuff,
          vaults_dpeg_hooks, ontoclasm_vaults_fault, ontoclasm_vaults_idyll,
          nicolae_vaults_six-pack, vaults_room_pools,
          nicolae_vaults_little_squares_6, grunt_vaults_hallway_short,
          layout_vaults_omnicross, serial_glass
Vaults:2: blue_anna_dwarven_crypt, vaults_dpeg_ring,
          nicolae_vaults_disjoint_gnomons, ontoclasm_vaults_twist,
          hangedman_vaults_river_flow, ontoclasm_vaults_ring_square,
          hangedman_vaults_corner, vaults_standard_mumra_lines,
          nicolae_vaults_diffraction_hallways, vaults_mumra_hexcomb,
          vaults_standard_mumra_enter_the_diamond, nicolae_vaults_theta,
          nicolae_vaults_apartment_1, vaults_room_pool, vaults_room_semicircle,
          nicolae_vaults_diamond_1, layout_vaults_ring
Vaults:3: v_misc_4, nicolae_vaults_apartment_1, vaults_room_fours, v_misc_1,
          vaults_room_corners, nicolae_vaults_storage_room_doors,
          layout_vaults_big_room, uniq_margery, uniq_boris
Vaults:4: nicolae_vaults_closet_pinwheel_5, hangedman_vaults_snaps, v_misc_12,
          nicolae_vaults_border_crossing, nicolae_vaults_shelves_hall,
          v_rooms_5, ontoclasm_vaults_tryst, nicolae_vaults_closet_pinwheel_5,
          vaults_dpeg_diagonal, vaults_room_ringed_pool,
          nicolae_vaults_storage_room_glass,
          nicolae_vaults_offset_grid_hallway_3, vaults_room_door_ring,
          layout_vaults_maze_bifur, serial_shops, shop
Vaults:5: serial_shops
Depths:1: minmay_open_boxes_in_corner, layout_small_grid,
          hangedman_abyss_or_decor_clamps, grunt_pan_entry_sceptre,
          pf_vacation_house_of_asmodeus, grunt_decor_junction,
          nicolae_dithmenos_shadow_blocks, uniq_asterion
Depths:2: kennysheep_treasure_stockpile, layout_cave_pools, enter_ziggurat_f,
          abyss_entry_small_statue_room, pan_entry, minmay_misc_feat_tower,
          hell_entry, uniq_vv, uniq_saint_roka
Depths:3: minmay_haunted_quarter, layout_small_grid, serial_library,
          serial_library_regret_index_headful, serial_library_hellmonk_u_bend,
          serial_library_hellmonk_hallway_a,
          serial_library_regret_index_double_sided,
          serial_library_regret_index_small_wings,
          serial_library_hellmonk_room_b, serial_library_hellmonk_hallway_a,
          serial_library_hellmonk_h_bend,
          serial_library_regret_index_double_sided,
          serial_library_regret_index_multi,
          serial_library_hellmonk_small_corner, chequers_serial_rivers_micro_e,
          abyss_entry, pf_coc_iceberg
Depths:4: grunt_zot_entry_gee_three, layout_honeycomb,
          hangedman_abyss_or_decor_lesser_grid, serial_glass, glass_columns_b,
          glass_columns_c, serial_shops, bzr_entry_dummy, hell_entry
Zot:1:    layout_onion_interference, grunt_megastairs_2
Zot:2:    layout_twisted_circle, regret_index_zotdec_silver_v_v_loose,
          nicolae_rock_paper_scissors, lemuel_elevator
Zot:3:    gammafunk_mikee_crab_dinner, layout_cathedral_of_symmetry
Zot:4:    layout_basic, bh_zot_ikea_curve
Zot:5:    layout_concentric_octagons, drop_trap, lemuel_baited_zot_trap

Skill      XL: |  1  2  3  4  5  6  7  8  9 10 11 12 13 14 15 16 17 18 19 20 21 22 23 24 25 |
---------------+----------------------------------------------------------------------------+-----
Fighting       | 1 3 5 6 8 10 11 12 13 14 15 16 17 | 17.0
Earth Magic    | 4 5 6 7 9 11 12 | 12.0
Spellcasting   | 3 4 5 6 7 8 10 11 12 | 12.0
Short Blades   | 2 3 4 8 11 14 | 14.0
Armour         | 1 2 4 5 7 9 10 11 | 11.4
Evocations     | 2 3 5 6 7 8 10 11 | 11.7
Shields        | 1 3 5 6 7 9 10 13 14 | 14.4
Dodging        | 3 5 7 9 10 11 12 | 12.7
Invocations    | 2 4 6 7 8 10 11 12 14 17 | 17.1
Necromancy     | 4 7 9 11 12 | 12.0
Throwing       | 1 5 6 |  6.0
Stealth        | 7 8 10 11 12 13 | 13.4
Alchemy        | 2 4 6 8 10 12 | 12.0
Translocations | 2 4 6 7 |  7.0
Summonings     | 3 5 |  5.0
Conjurations   | 2 3 5 7 8 |  8.9

Action                     |  1- 3 |  4- 6 |  7- 9 | 10-12 | 13-15 | 16-18 | 19-21 | 22-24 | 25-27 || total
---------------------------+-------+-------+-------+-------+-------+-------+-------+-------+-------++-------
  Melee: Dagger            |     6 |       |       |       |       |       |       |       |       ||     6
         Quick blade       |     2 |    59 |   394 |  1001 |  2563 |  1872 |  1257 |  1313 |   174 ||  8635
         Bite              |     1 |     6 |    41 |   156 |   468 |   366 |   284 |   333 |    44 ||  1699
         Punch             |       |     1 |     1 |       |       |       |       |       |       ||     2
         Unarmed           |       |    17 |       |       |       |       |       |       |       ||    17
  Throw: Boomerang         |       |       |       |    12 |    85 |    60 |   274 |   274 |    38 ||   743
         Dart              |       |       |       |       |     4 |     4 |     1 |       |       ||     9
         Throwing net      |       |       |       |       |       |       |     1 |     1 |     1 ||     3
   Cast: Sandblast         |    41 |    43 |    36 |       |       |       |       |       |       ||   120
         Fugue of the Fall |       |       |       |       |    25 |     9 |       |       |       ||    34
         Borgnjor's Vile C |       |       |       |       |       |   175 |   224 |   224 |    24 ||   647
         Passwall          |       |       |       |       |       |     1 |       |     2 |       ||     3
         Martyr's Knell    |       |       |       |       |       |       |    10 |    21 |       ||    31
         Dispel Undead     |       |       |       |       |       |       |     1 |    16 |     2 ||    19
         Apportation       |       |       |       |       |       |       |       |     5 |     3 ||     8
         Sublimation of Bl |       |       |       |       |       |       |       |     2 |       ||     2
         Blink             |       |       |       |       |       |       |       |     1 |       ||     1
         Manifold Assault  |       |       |       |       |       |       |       |     1 |       ||     1
 Invoke: Ancestor Identity |       |       |     1 |       |       |       |       |       |       ||     1
         Ancestor Life: He |       |       |     1 |       |       |       |       |       |       ||     1
         Recall Ancestor   |       |       |       |     2 |     7 |     8 |     3 |     8 |     4 ||    32
         Idealise          |       |       |       |       |    19 |     9 |    10 |    17 |     1 ||    56
  Evoke: Wand              |       |     1 |     5 |    11 |    15 |    13 |       |     5 |     4 ||    54
         Phantom mirror    |       |       |       |     2 |     5 |     4 |     3 |     7 |       ||    21
         Phial of floods   |       |       |       |       |     2 |     4 |     3 |       |       ||     9
         Sack of spiders   |       |       |       |       |       |       |     1 |     4 |     1 ||     6
         Condenser vane    |       |       |       |       |       |       |       |     2 |       ||     2
    Use: Scroll            |     1 |     9 |     9 |    11 |    12 |    20 |     9 |    14 |    10 ||    95
         Potion            |       |       |     6 |     2 |     3 |     5 |     1 |     7 |    10 ||    34
   Stab: Sleeping          |     3 |     4 |     4 |     1 |     5 |    18 |    16 |     5 |     1 ||    57
         Confused          |       |     4 |       |    21 |    51 |    30 |    67 |    72 |     6 ||   251
         Invisible         |       |       |     4 |       |    12 |       |       |    17 |       ||    33
         Distracted        |       |       |       |     9 |    29 |    20 |    20 |    26 |     2 ||   106
         Paralysed         |       |       |       |       |    22 |    48 |    49 |    45 |     2 ||   166
         Held in net/web   |       |       |       |       |       |       |       |     3 |     3 ||     6
 Armour: Robe              |     5 |    27 |    17 |       |       |       |       |       |       ||    49
         Leather armour    |       |       |    64 |    13 |       |       |       |       |       ||    77
         Skin              |       |       |     7 |       |       |       |       |       |       ||     7
         Scale mail        |       |       |       |   181 |   510 |   581 |   326 |   368 |    53 ||  2019
  Dodge: Dodged            |    10 |    48 |   129 |   297 |   663 |   716 |   260 |   350 |    46 ||  2519
  Block: Buckler           |       |       |    36 |   116 |   351 |   266 |       |       |       ||   769
         Kite shield       |       |       |       |       |       |   220 |   638 |   588 |    92 ||  1538
         Reflection        |       |       |       |       |       |    32 |    40 |    11 |     6 ||    89

Table legend: (Time is in decaauts)
 A = Elapsed time spent in this place.
 B = Non-inter-level travel time spent in this place.
 C = Inter-level travel time spent in this place.
 D = Time resting spent in this place.
 E = Time spent auto-exploring this place.
 F = Levels seen in this place.
 G = Mean time per level.
                   A        B        C        D        E       F      G
               +--------+--------+--------+--------+--------+-----+--------+
         Total |  66423 |  60570 |   5853 |   3779 |  42767 |  54 | 1230.1 |
       Dungeon |  18702 |  16565 |   2137 |    499 |  13341 |  15 | 1246.8 |
        Temple |     40 |      1 |     39 |      0 |      0 |   1 |   40.0 |
          Lair |   5629 |   5088 |    541 |    103 |   3846 |   5 | 1125.8 |
        Shoals |   7302 |   6892 |    410 |    241 |   5271 |   4 | 1825.5 |
     Snake Pit |   5552 |   5292 |    260 |    162 |   3892 |   4 | 1388.0 |
  Orcish Mines |   1831 |   1525 |    306 |     12 |    927 |   2 |  915.5 |
   Elven Halls |   4502 |   3888 |    614 |    316 |   2579 |   3 | 1500.7 |
        Vaults |   8517 |   7853 |    664 |    507 |   5032 |   5 | 1703.4 |
        Depths |   6345 |   5623 |    722 |    211 |   3883 |   4 | 1586.2 |
           Zot |   3914 |   3756 |    158 |    618 |   2193 |   5 |  782.8 |
        Bazaar |    386 |    386 |      0 |      0 |    253 |   2 |  193.0 |
        Bailey |   1815 |   1815 |      0 |    772 |    602 |   1 | 1815.0 |
      Ice Cave |    507 |    507 |      0 |     45 |    257 |   1 |  507.0 |
       Volcano |    400 |    400 |      0 |    209 |      9 |   1 |  400.0 |
      Gauntlet |    974 |    974 |      0 |     82 |    680 |   1 |  974.0 |
               +--------+--------+--------+--------+--------+-----+--------+

Top non-repeatable levels by time:
 Snake:4: 2627 daAuts
Shoals:4: 2500 daAuts
Vaults:5: 2231 daAuts
     D:7: 2115 daAuts
Depths:3: 2094 daAuts
     D:9: 1953 daAuts
   Elf:3: 1897 daAuts
Shoals:3: 1819 daAuts
     D:8: 1818 daAuts
  Bailey: 1815 daAuts
Shoals:1: 1754 daAuts
   Elf:2: 1679 daAuts
Vaults:1: 1654 daAuts
Depths:1: 1645 daAuts
Vaults:2: 1611 daAuts
